Tamiflu vs Staline (R2)

Created - April 23, 2017 at 19:30

Goals
1 2 3 OT1 T
Tamiflu 2 4 1 0 7
Staline 0 4 3 1 8
Shots
1 2 3 OT1 T
Tamiflu 21 10 2 0 33
Staline 9 16 12 2 39

1st period

1. Tamiflu , Greg Mauldin 34 (Nathan Oystrick 28, Petr Pohl 51) at 14:38 (PP)
2. Tamiflu , Robert Dome 33 (Greg Mauldin 49) at 14:52

Penalties :
Tye McGinn (Det) for High sticking (Minor) at 5:21, Aaron Ness (StJ) for Hooking (Minor) at 12:30, Steven Goertzen (StJ) for Holding Stick (Minor) at 13:44, Stefan Elliott (Det) for Hooking (Minor) at 17:32, Matt Pettinger (StJ) for Interference (Minor) at 17:36

2nd period

3. Tamiflu , Tye McGinn 27 (Jamie Arniel 50, Mike Duco 26) at 4:49 (PP)
4. Staline , David Desharnais 36 (Matt Pettinger 69) at 9:13
5. Staline , Nick Spaling 35 (Stu Bickel 35, Keith Yandle 57) at 9:26
6. Tamiflu , Petr Pohl 42 (Robert Dome 48, Greg Mauldin 50) at 10:45 (PP)
7. Staline , Nick Spaling 36 (Jordan Caron 21) at 16:20
8. Tamiflu , Greg Mauldin 35 (Nathan Oystrick 29) at 16:48 (PP)
9. Tamiflu , Mike Duco 15 (Jamie Arniel 51) at 17:21
10. Staline , Steven Goertzen 21 (Keith Yandle 58, Matt Pettinger 70) at 19:42 (PP)

Penalties :
Cody Eakin (StJ) for Tripping (Minor) at 0:50, Brandon Burlon (StJ) for Holding (Minor) at 4:12, Stu Bickel (StJ) for Fighting (Major) at 9:43, Jordan Hendry (Det) for Fighting (Major) at 9:43, Stu Bickel (StJ) for instigated a fight (Minor) at 9:43, Stu Bickel (StJ) for instigated a fight (10 Minutes Misconduct) at 9:43, Petr Pohl (Det) for Hooking (Minor) at 11:05, Andrey Pedan (StJ) for Roughing (Minor) at 16:42, Jordan Hendry (Det) for Hooking (Minor) at 19:14

3rd period

11. Staline , Keith Yandle 14 (Matt Pettinger 71, David Desharnais 60) at 6:45 (PP)
12. Tamiflu , Tye McGinn 28 (Greg Mauldin 51, Justin Braun 22) at 8:21
13. Staline , Stu Bickel 11 (Matt Pettinger 72, David Desharnais 61) at 8:39 (PP)
14. Staline , Steven Goertzen 22 (David Desharnais 62, Matt Pettinger 73) at 19:51

Penalties :
Jan Mursak (Det) for Tripping (Minor) at 0:45, Robert Dome (Det) for Interference (Minor) at 1:08, Robert Dome (Det) for Holding Stick (Minor) at 6:11, Petr Pohl (Det) for Hooking (Minor) at 8:32, Jiri Sekac (StJ) for High sticking (Minor) at 13:49, Brandon Burlon (StJ) for Holding (Minor) at 17:09, Stu Bickel (StJ) for Fighting (Major) at 19:13, Garrett Wilson (Det) for Fighting (Major) at 19:13

Overtime #1

15. Staline , David Desharnais 37 (Dustin Kohn 37, Keith Yandle 59) at 3:50

Penalties :
No Penalty

Goalie Stats

Thomas Greiss (Det), 31 saves from 39 shots - (0.795), OTL, 30-21-9, 63:50 minutes
Allen York (StJ), 0 saves from 0 shots - (0.000), W, 33-20-8, 14:48 minutes
Joni Ortio (StJ), 26 saves from 33 shots - (0.788), 48:21 minutes

Players Stats for Tamiflu

Player Name              G  A  P  +/- PIM S  H  SB GA TA FO     MP     PP MP  PK MP  
------------------------------------------------------------------------------------
Adam Larsson             0  0  0   2  0   0  0  0  0  1  0/0     7:57   1:01   0:15 
Casey Wellman            0  0  0  -1  0   1  1  0  0  0  2/2     4:34   0:00   0:00 
Colin Greening           0  0  0   0  0   0  0  0  0  0  9/13   10:33   0:22   1:06 
Garrett Wilson           0  0  0   0  5   0  0  0  0  0  1/2     3:34   1:01   0:28 
Greg Mauldin             2  3  5  -1  0   3  3  0  0  1  15/36  27:21   5:11   4:37 
Greg McKegg              0  0  0   0  0   0  0  0  0  0  0/1     3:27   0:39   0:00 
Jamie Arniel             0  2  2   0  0   5  0  1  1  0  5/13   17:12   3:42   1:07 
Jan Mursak               0  0  0   0  2   0  1  0  0  0  0/0     8:39   0:00   0:01 
Jerome Gauthier-Leduc    0  0  0  -1  0   0  0  0  0  0  0/0     1:56   0:00   1:33 
Jordan Hendry            0  0  0   0  7   0  0  3  0  1  0/0    28:16   4:41   3:13 
Justin Braun             0  1  1   2  0   1  0  0  0  0  0/0     6:41   0:00   0:00 
Konrad Abeltshauser      0  0  0  -1  0   0  0  0  0  0  0/0     4:06   2:03   0:00 
Kyle Lawson              0  0  0  -3  0   1  0  0  1  0  0/0    20:52   3:10   2:32 
Mattias Tedenby          0  0  0  -1  0   1  0  0  1  0  0/0     4:34   0:00   0:00 
Mike Duco                1  1  2   1  0   1  0  2  0  0  1/1    13:52   3:42   0:00 
Nathan Oystrick          0  2  2   0  0   3  0  0  1  0  0/0    32:48   5:43   5:01 
Nino Niederreiter        0  0  0   0  0   2  0  0  0  0  0/0    10:53   0:57   0:00 
Petr Pohl                1  1  2  -2  4   6  2  1  2  1  2/3    22:39   5:11   0:32 
Philip Samuelsson        0  0  0  -3  0   0  0  1  2  1  0/0    20:52   3:10   2:32 
Rich Clune               0  0  0  -1  0   0  0  0  0  0  0/0     4:34   0:00   0:00 
Robert Dome              1  1  2  -1  4   5  1  0  1  0  7/12   26:07   5:11   3:24 
Stefan Elliott           0  0  0   0  2   0  0  0  0  0  0/0     2:32   0:04   0:00 
Stuart Percy             0  0  0   0  0   0  0  0  0  0  0/0     2:05   0:00   0:00 
Tanner Kero              0  0  0   0  0   0  1  0  0  0  2/5     3:42   0:00   2:14 
Tye McGinn               2  0  2   1  2   4  2  0  0  1  0/0    14:20   3:42   0:00 

Players Stats for Staline

Player Name              G  A  P  +/- PIM S  H  SB GA TA FO     MP     PP MP  PK MP  
------------------------------------------------------------------------------------
Aaron Ness               0  0  0   0  2   1  0  0  0  0  0/0     4:30   0:00   0:09 
Andrey Pedan             0  0  0   0  2   0  1  0  0  0  0/0    10:04   3:10   0:00 
Barclay Goodrow          0  0  0  -1  0   0  0  0  0  0  0/0     9:11   0:03   0:00 
Brandon Burlon           0  0  0   1  4   0  1  1  0  2  0/0    17:50   2:12   2:22 
Bryan Bickell            0  0  0   0  0   1  1  0  1  0  0/0     9:10   0:00   1:48 
Cody Eakin               0  0  0   1  2   3  1  2  0  0  3/15   16:23   2:54   0:54 
Corey Trivino            0  0  0  -1  0   3  0  0  0  0  3/8    12:04   0:00   2:27 
David Desharnais         2  3  5   2  0   4  3  0  0  1  25/40  22:25   4:36   1:46 
David Kolomatis          0  0  0   0  0   0  0  0  0  2  0/0     4:41   0:06   0:00 
David Musil              0  0  0   0  0   0  0  0  0  0  0/0     0:00   0:00   0:00 
Dustin Kohn              0  1  1   1  0   1  1  0  0  1  0/0    19:35   2:18   3:38 
James Sheppard           0  0  0  -1  0   2  2  0  2  0  0/0    11:12   0:03   0:30 
Jiri Sekac               0  0  0   0  2   0  1  0  0  0  0/1     3:15   0:06   0:00 
Jordan Caron             0  1  1   1  0   0  1  0  0  0  0/0    13:13   2:54   0:00 
Keith Yandle             1  3  4   0  0   4  1  2  0  3  0/0    32:45   5:15   6:16 
Mark Mitera              0  0  0   1  0   1  1  0  0  0  0/0     6:45   0:00   0:00 
Matt Pettinger           0  5  5   1  2   10 6  1  2  0  9/15   30:34   4:32   4:48 
Mike Reilly              0  0  0   0  0   0  0  0  0  0  0/0     3:39   0:00   2:24 
Nick Spaling             2  0  2   2  0   3  2  0  0  0  0/2    16:51   2:54   2:11 
Nikita Nesterov          0  0  0   0  0   0  0  0  0  0  0/0     0:31   0:00   0:00 
Peter Holland            0  0  0   0  0   0  2  0  0  0  3/4     4:45   0:00   0:00 
Philip Larsen            0  0  0   1  0   0  0  1  0  0  0/0     6:45   0:00   0:00 
Steven Goertzen          2  0  2   1  2   4  2  2  1  0  1/3    25:50   4:36   4:29 
Stu Bickel               1  1  2   0  22  2  0  0  0  0  0/0    20:38   2:05   5:08 

3 Stars

1 - David Desharnais (StJ)
2 - Greg Mauldin (Det)
3 - Matt Pettinger (StJ)

Power Play

Tamiflu - 4 on 9 Attempt(s) - 44.44%
Staline - 3 on 8 Attempt(s) - 37.50%

Penalty Kill

Tamiflu - 5 on 8 Attempt(s) - 62.50% - Score 0 goal in Penalty Kill
Staline - 5 on 9 Attempt(s) - 55.56% - Score 0 goal in Penalty Kill

Team Stat

Tamiflu - Hits : 11 - Faceoff Wins : 44 - Blocked Shots : 8 - Penalty Minutes : 26
Staline - Hits : 26 - Faceoff Wins : 44 - Blocked Shots : 9 - Penalty Minutes : 38

Official

Referees : Kimmerly Greg and Watson Brad
Linesman : Jean Morin and Thor Nelson

Game Notes

Stu Bickel and Jordan Hendry fight to a draw at 9:43 of 2nd period
Allen York enters game at 8:21 of 3rd period
Garrett Wilson beats up Stu Bickel at 19:13 of 3rd period

Finance

Level 1 -- Attendance: 1529 (76.45%) -- Ticket Income $53,515
Level 2 -- Attendance: 799 (79.90%) -- Ticket Income $11,985
Total Attendance: 2328 (77.60%)
Total Ticket Income: $65,500
Other Income: $3,275
Total Income: $68,775

Tamiflu

5 vs 5 Forward 
   Center                   Left Wing                Right Wing               Time % Phy DF OF 
 1 Greg Mauldin             Robert Dome              Petr Pohl                40     1   2  2  
 2 Jamie Arniel             Tye McGinn               Mike Duco                30     1   2  2  
 3 Colin Greening           Jan Mursak               Nino Niederreiter        20     1   2  2  
 4 Casey Wellman            Rich Clune               Mattias Tedenby          10     1   2  2  

5 vs 5 Defense 
   Defense                  Defense                                           Time % Phy DF OF 
 1 Nathan Oystrick          Jordan Hendry                                     40     1   2  2  
 2 Philip Samuelsson        Kyle Lawson                                       30     1   2  2  
 3 Adam Larsson             Justin Braun                                      20     1   2  2  
 4 Stefan Elliott           Stuart Percy                                      10     1   2  2  

PowerPlay Forward 
   Center                   Left Wing                Right Wing               Time % Phy DF OF 
 1 Greg Mauldin             Robert Dome              Petr Pohl                60     1   2  2  
 2 Jamie Arniel             Tye McGinn               Mike Duco                40     1   2  2  

PowerPlay Defense
   Defense                  Defense                                           Time % Phy DF OF 
 1 Nathan Oystrick          Jordan Hendry                                     60     1   2  2  
 2 Philip Samuelsson        Kyle Lawson                                       40     1   2  2  

Penalty Kill 4 Players Forward 
   Center                   Wing                     Time % Phy DF OF 
 1 Robert Dome              Greg Mauldin             60     1   2  2  
 2 Petr Pohl                Jamie Arniel             40     1   2  2  

Penalty Kill 4 Players Defense
   Defense                  Defense                  Time % Phy DF OF 
 1 Nathan Oystrick          Jordan Hendry            60     1   2  2  
 2 Philip Samuelsson        Kyle Lawson              40     1   2  2  

Penalty Kill - 3 Players Forward 
   Forward                                           Time % Phy DF OF 
 1 Robert Dome                                       60     1   2  2  
 2 Greg Mauldin                                      40     1   2  2  

Penalty Kill - 3 Players Defense
   Defense                  Defense                  Time % Phy DF OF 
 1 Nathan Oystrick          Jordan Hendry            60     1   2  2  
 2 Philip Samuelsson        Kyle Lawson              40     1   2  2  

4 vs 4 Forward 
   Center                   Wing                     Time % Phy DF OF 
 1 Robert Dome              Greg Mauldin             60     1   2  2  
 2 Petr Pohl                Jamie Arniel             40     1   2  2  

4 vs 4 Defense
   Defense                  Defense                  Time % Phy DF OF 
 1 Nathan Oystrick          Jordan Hendry            60     1   2  2  
 2 Philip Samuelsson        Kyle Lawson              40     1   2  2  

Last Minutes Offensive
   Center                   Left Wing                Right Wing               Defense                  Defense                  
   Greg Mauldin             Robert Dome              Petr Pohl                Nathan Oystrick          Jordan Hendry            

Last Minutes Defensive
   Center                   Left Wing                Right Wing               Defense                  Defense                  
   Greg Mauldin             Robert Dome              Petr Pohl                Nathan Oystrick          Jordan Hendry            

Goaltenders
Starting : Thomas Greiss            
Backup : Joe Fallon               

Extra Forwards
Normal : Garrett Wilson, Greg McKegg, Tanner Kero - PP : Garrett Wilson, Greg McKegg - PK : Tanner Kero
Extra Defensemen
Normal : Konrad Abeltshauser, Jerome Gauthier-Leduc, Adam Larsson - PP : Konrad Abeltshauser - PK : Jerome Gauthier-Leduc, Adam Larsson
Penalty Shots
Robert Dome, Greg Mauldin, Petr Pohl, Jamie Arniel, Mike Duco

Scratches
Lucas Lessio (Healthy), Brett Bulmer (Healthy), Phoenix Copley (Healthy), Tyler Beskorowany (Healthy)

Staline

5 vs 5 Forward 
   Center                   Left Wing                Right Wing               Time % Phy DF OF 
 1 David Desharnais         Matt Pettinger           Steven Goertzen          40     1   2  2  
 2 Cody Eakin               Nick Spaling             Jordan Caron             30     1   2  2  
 3 Corey Trivino            James Sheppard           Barclay Goodrow          20     1   2  2  
 4 Peter Holland            Bryan Bickell            Matt Pettinger           10     1   2  2  

5 vs 5 Defense 
   Defense                  Defense                                           Time % Phy DF OF 
 1 Stu Bickel               Keith Yandle                                      40     1   2  2  
 2 Dustin Kohn              Brandon Burlon                                    30     1   2  2  
 3 Philip Larsen            Mark Mitera                                       20     1   2  2  
 4 David Kolomatis          Aaron Ness                                        10     1   2  2  

PowerPlay Forward 
   Center                   Left Wing                Right Wing               Time % Phy DF OF 
 1 David Desharnais         Matt Pettinger           Steven Goertzen          60     1   2  2  
 2 Cody Eakin               Nick Spaling             Jordan Caron             40     1   2  2  

PowerPlay Defense
   Defense                  Defense                                           Time % Phy DF OF 
 1 Stu Bickel               Keith Yandle                                      60     1   2  2  
 2 Dustin Kohn              Brandon Burlon                                    40     1   2  2  

Penalty Kill 4 Players Forward 
   Center                   Wing                     Time % Phy DF OF 
 1 Matt Pettinger           Steven Goertzen          60     1   2  2  
 2 Nick Spaling             David Desharnais         40     1   2  2  

Penalty Kill 4 Players Defense
   Defense                  Defense                  Time % Phy DF OF 
 1 Stu Bickel               Keith Yandle             60     1   2  2  
 2 Dustin Kohn              Brandon Burlon           40     1   2  2  

Penalty Kill - 3 Players Forward 
   Forward                                           Time % Phy DF OF 
 1 Matt Pettinger                                    60     1   2  2  
 2 Steven Goertzen                                   40     1   2  2  

Penalty Kill - 3 Players Defense
   Defense                  Defense                  Time % Phy DF OF 
 1 Stu Bickel               Keith Yandle             60     1   2  2  
 2 Dustin Kohn              Brandon Burlon           40     1   2  2  

4 vs 4 Forward 
   Center                   Wing                     Time % Phy DF OF 
 1 Matt Pettinger           Steven Goertzen          60     1   2  2  
 2 Nick Spaling             David Desharnais         40     1   2  2  

4 vs 4 Defense
   Defense                  Defense                  Time % Phy DF OF 
 1 Stu Bickel               Keith Yandle             60     1   2  2  
 2 Dustin Kohn              Brandon Burlon           40     1   2  2  

Last Minutes Offensive
   Center                   Left Wing                Right Wing               Defense                  Defense                  
   David Desharnais         Matt Pettinger           Steven Goertzen          Stu Bickel               Keith Yandle             

Last Minutes Defensive
   Center                   Left Wing                Right Wing               Defense                  Defense                  
   David Desharnais         Matt Pettinger           Steven Goertzen          Stu Bickel               Keith Yandle             

Goaltenders
Starting : Joni Ortio               
Backup : Allen York               

Extra Forwards
Normal : Jiri Sekac, James Sheppard, Corey Trivino - PP : Jiri Sekac, James Sheppard - PK : Corey Trivino
Extra Defensemen
Normal : Andrey Pedan, Mike Reilly, Nikita Nesterov - PP : Andrey Pedan - PK : Mike Reilly, Nikita Nesterov
Penalty Shots
Matt Pettinger, Steven Goertzen, Nick Spaling, David Desharnais, Cody Eakin

Scratches
Brandon Mashinter (Back Surgery Injury), Danny Kristo (Broken Bone (Right Ankle) Injury)

% Time on Ice - Tamiflu

Lines # - Real PCT - Wanted PCT - Time Play
Normal Forward
1 - 41% - 40% - 16:22
2 - 26% - 30% - 10:25
3 - 22% - 20% - 8:39
4 - 11% - 10% - 4:34
Normal Defense
1 - 46% - 40% - 18:25
2 - 32% - 30% - 12:49
3 - 17% - 20% - 6:41
4 - 5% - 10% - 2:05
PP Forward
1 - 59% - 60% - 5:49
2 - 41% - 40% - 4:05
PP Defense
1 - 58% - 60% - 5:43
2 - 42% - 40% - 4:11
PK Forward
1 - 81% - 60% - 4:50
2 - 19% - 40% - 1:07
PK Defense
1 - 66% - 60% - 3:55
2 - 34% - 40% - 2:02
PK3 Forward
1 - 100% - 60% - 1:36
2 - 0% - 40% - 0:00
PK3 Defense
1 - 69% - 60% - 1:06
2 - 31% - 40% - 0:30
44 Forward
1 - 66% - 60% - 3:47
2 - 34% - 40% - 1:58
44 Defense
1 - 59% - 60% - 3:24
2 - 41% - 40% - 2:21
Last Minute Offensive  - 0:00
Last Minute Defensive  - 0:38
Total
Forward - 63:50
Defense - 63:50

% Time on Ice - Staline

Lines # - Real PCT - Wanted PCT - Time Play
Normal Forward
1 - 40% - 40% - 16:02
2 - 26% - 30% - 10:19
3 - 23% - 20% - 9:07
4 - 11% - 10% - 4:27
Normal Defense
1 - 43% - 40% - 17:21
2 - 29% - 30% - 11:27
3 - 17% - 20% - 6:45
4 - 11% - 10% - 4:22
PP Forward
1 - 62% - 60% - 4:39
2 - 38% - 40% - 2:54
PP Defense
1 - 71% - 60% - 5:21
2 - 29% - 40% - 2:12
PK Forward
1 - 76% - 60% - 6:58
2 - 24% - 40% - 2:11
PK Defense
1 - 61% - 60% - 5:36
2 - 39% - 40% - 3:33
PK3 Forward
1 - 100% - 60% - 0:45
2 - 0% - 40% - 0:00
PK3 Defense
1 - 89% - 60% - 0:40
2 - 11% - 40% - 0:05
44 Forward
1 - 75% - 60% - 4:18
2 - 25% - 40% - 1:27
44 Defense
1 - 68% - 60% - 3:54
2 - 32% - 40% - 1:51
Last Minute Offensive  - 0:43
Last Minute Defensive  - 0:00
Total
Forward - 63:50
Defense - 63:50

Play by Play

1st period


0:01 of 1st period - David Desharnais wins face-off versus Greg Mauldin in neutral zone.
0:14 of 1st period - Snap shot by Matt Pettinger.
0:14 of 1st period - Shot Misses the Net.
0:30 of 1st period - Snap shot by Cody Eakin.
0:30 of 1st period - Stopped by Thomas Greiss without a rebound.
0:31 of 1st period - Colin Greening wins face-off versus Cody Eakin in Tamiflu zone.
1:24 of 1st period - Off-side.
1:25 of 1st period - Peter Holland wins face-off versus Petr Pohl in neutral zone.
2:01 of 1st period - Snap shot by Corey Trivino.
2:01 of 1st period - Stopped by Thomas Greiss with a rebound.
2:17 of 1st period - Nino Niederreiter is hit by Nick Spaling.
2:58 of 1st period - Wrist shot by Mattias Tedenby.
2:58 of 1st period - Stopped by Joni Ortio without a rebound.
2:59 of 1st period - Casey Wellman wins face-off versus Cody Eakin in Staline zone.
3:04 of 1st period - Slapshot by Mattias Tedenby.
3:04 of 1st period - Shot Misses the Net.
3:06 of 1st period - Slapshot by Justin Braun.
3:06 of 1st period - Deflect By Cody Eakin.
3:06 of 1st period - Stopped by Joni Ortio with a rebound.
3:08 of 1st period - Snap shot by Mattias Tedenby.
3:08 of 1st period - Deflect By Casey Wellman.
3:08 of 1st period - Stopped by Joni Ortio without a rebound.
3:09 of 1st period - Robert Dome wins face-off versus Cody Eakin in Staline zone.
3:10 of 1st period - Snap shot by Greg Mauldin.
3:10 of 1st period - Shot Blocked by Cody Eakin.
3:12 of 1st period - Slapshot by Justin Braun.
3:12 of 1st period - Deflect By Robert Dome.
3:12 of 1st period - Stopped by Joni Ortio without a rebound.
3:13 of 1st period - David Desharnais wins face-off versus Greg Mauldin in Staline zone.
4:17 of 1st period - Off-side.
4:18 of 1st period - Casey Wellman wins face-off versus Peter Holland in neutral zone.
4:45 of 1st period - David Kolomatis is hit by Greg Mauldin and loses puck.
4:52 of 1st period - Slapshot by Greg Mauldin.
4:52 of 1st period - Shot Misses the Net.
4:54 of 1st period - Slapshot by Nathan Oystrick.
4:54 of 1st period - Shot Misses the Net.
4:56 of 1st period - Snap shot by Petr Pohl.
4:56 of 1st period - Shot Misses the Net.
5:08 of 1st period - Wrist shot by Jamie Arniel.
5:08 of 1st period - Stopped by Joni Ortio with a rebound.
5:21 of 1st period - Minor Penalty to Tye McGinn for High sticking.
5:22 of 1st period - David Desharnais wins face-off versus Robert Dome in Tamiflu zone.
6:16 of 1st period - Steven Goertzen is hit by Petr Pohl.
6:49 of 1st period - Matt Pettinger is hit by Tanner Kero and loses puck.
7:10 of 1st period - Philip Samuelsson is hit by Jordan Caron and loses puck.
7:21 of 1st period - Penalty to Tye McGinn is over, Tye McGinn is back on ice.
7:27 of 1st period - Corey Trivino is hit by Jan Mursak and loses puck.
7:36 of 1st period - Slapshot by Corey Trivino.
7:36 of 1st period - Shot Misses the Net.
7:41 of 1st period - Off-side.
7:42 of 1st period - Peter Holland wins face-off versus Jamie Arniel in neutral zone.
8:31 of 1st period - Adam Larsson is hit by Dustin Kohn and loses puck.
9:12 of 1st period - Wrist shot by Jamie Arniel.
9:12 of 1st period - Stopped by Joni Ortio with a rebound.
9:19 of 1st period - Icing by Philip Larsen.
9:20 of 1st period - Colin Greening wins face-off versus Cody Eakin in Staline zone.
9:29 of 1st period - Wrist shot by Nino Niederreiter.
9:29 of 1st period - Shot Misses the Net.
9:52 of 1st period - Icing by Greg Mauldin.
9:53 of 1st period - Greg Mauldin wins face-off versus David Desharnais in Tamiflu zone.
10:02 of 1st period - Wrist shot by Robert Dome.
10:02 of 1st period - Shot Misses the Net.
10:04 of 1st period - Snap shot by Greg Mauldin.
10:04 of 1st period - Stopped by Joni Ortio with a rebound.
10:06 of 1st period - Wrist shot by Greg Mauldin.
10:06 of 1st period - Shot Blocked by Keith Yandle.
10:08 of 1st period - Snap shot by Petr Pohl.
10:08 of 1st period - Stopped by Joni Ortio with a rebound.
10:10 of 1st period - Slapshot by Greg Mauldin.
10:10 of 1st period - Shot Misses the Net.
10:12 of 1st period - Wrist shot by Greg Mauldin.
10:12 of 1st period - Deflect By Robert Dome.
10:12 of 1st period - Stopped by Joni Ortio with a rebound.
10:14 of 1st period - Snap shot by Greg Mauldin.
10:14 of 1st period - Shot Blocked by Keith Yandle.
10:16 of 1st period - Snap shot by Robert Dome.
10:16 of 1st period - Stopped by Joni Ortio with a rebound.
10:18 of 1st period - Slapshot by Petr Pohl.
10:18 of 1st period - Stopped by Joni Ortio without a rebound.
10:19 of 1st period - Jamie Arniel wins face-off versus Cody Eakin in Staline zone.
10:26 of 1st period - Wrist shot by Mike Duco.
10:26 of 1st period - Shot Blocked by Cody Eakin.
10:32 of 1st period - Snap shot by Tye McGinn.
10:32 of 1st period - Stopped by Joni Ortio without a rebound.
10:33 of 1st period - David Desharnais wins face-off versus Greg Mauldin in Staline zone.
11:48 of 1st period - Wrist shot by Matt Pettinger.
11:48 of 1st period - Stopped by Thomas Greiss without a rebound.
11:49 of 1st period - Colin Greening wins face-off versus Steven Goertzen in Tamiflu zone.
12:30 of 1st period - Minor Penalty to Aaron Ness for Hooking.
12:31 of 1st period - Greg Mauldin wins face-off versus Matt Pettinger in Staline zone.
12:40 of 1st period - Snap shot by Robert Dome.
12:40 of 1st period - Stopped by Joni Ortio with a rebound.
12:42 of 1st period - Slapshot by Nathan Oystrick.
12:42 of 1st period - Deflect By Keith Yandle.
12:42 of 1st period - Stopped by Joni Ortio without a rebound.
12:43 of 1st period - Matt Pettinger wins face-off versus Greg Mauldin in Staline zone.
13:13 of 1st period - Snap shot by Robert Dome.
13:13 of 1st period - Shot Misses the Net.
13:15 of 1st period - Snap shot by Greg Mauldin.
13:15 of 1st period - Shot Misses the Net.
13:37 of 1st period - Snap shot by Greg Mauldin.
13:37 of 1st period - Deflect By Petr Pohl.
13:37 of 1st period - Stopped by Joni Ortio with a rebound.
13:39 of 1st period - Slapshot by Nathan Oystrick.
13:39 of 1st period - Shot Misses the Net.
13:41 of 1st period - Slapshot by Jordan Hendry.
13:41 of 1st period - Deflect By Petr Pohl.
13:41 of 1st period - Shot Misses the Net.
13:41 of 1st period - Puck is out of play.
13:42 of 1st period - Matt Pettinger wins face-off versus Jamie Arniel in Staline zone.
13:44 of 1st period - Minor Penalty to Steven Goertzen for Holding Stick.
13:45 of 1st period - Matt Pettinger wins face-off versus Jamie Arniel in Staline zone.
13:49 of 1st period - Matt Pettinger is hit by Tye McGinn.
13:54 of 1st period - Off-side.
13:55 of 1st period - Matt Pettinger wins face-off versus Jamie Arniel in neutral zone.
14:24 of 1st period - Snap shot by Jamie Arniel.
14:24 of 1st period - Stopped by Joni Ortio without a rebound.
14:25 of 1st period - Matt Pettinger wins face-off versus Greg Mauldin in Staline zone.
14:30 of 1st period - Penalty to Aaron Ness is over, Aaron Ness is back on ice.
14:34 of 1st period - Wrist shot by Petr Pohl.
14:34 of 1st period - Shot Misses the Net.
14:36 of 1st period - Slapshot by Nathan Oystrick.
14:36 of 1st period - Stopped by Joni Ortio with a rebound.
14:38 of 1st period - Snap shot by Greg Mauldin.
14:38 of 1st period - Goal by Greg Mauldin - Tamiflu : 1 - Staline : 0.
14:39 of 1st period - David Desharnais wins face-off versus Greg Mauldin in neutral zone.
14:39 of 1st period - Steven Goertzen is hit by Robert Dome and loses puck.
14:52 of 1st period - Wrist shot by Robert Dome.
14:52 of 1st period - Goal by Robert Dome - Tamiflu : 2 - Staline : 0.
14:53 of 1st period - David Desharnais wins face-off versus Greg Mauldin in neutral zone.
15:06 of 1st period - Snap shot by Matt Pettinger.
15:06 of 1st period - Stopped by Thomas Greiss with a rebound.
15:28 of 1st period - Backhand shot by Nick Spaling.
15:28 of 1st period - Shot Blocked by Mike Duco.
15:30 of 1st period - Wrist shot by Cody Eakin.
15:30 of 1st period - Stopped by Thomas Greiss with a rebound.
16:12 of 1st period - Slapshot by Nathan Oystrick.
16:12 of 1st period - Stopped by Joni Ortio with a rebound.
16:59 of 1st period - Snap shot by James Sheppard.
16:59 of 1st period - Stopped by Thomas Greiss with a rebound.
17:01 of 1st period - Snap shot by Corey Trivino.
17:01 of 1st period - Stopped by Thomas Greiss with a rebound.
17:03 of 1st period - Snap shot by Aaron Ness.
17:03 of 1st period - Stopped by Thomas Greiss without a rebound.
17:04 of 1st period - Colin Greening wins face-off versus Corey Trivino in Tamiflu zone.
17:04 of 1st period - Colin Greening is hit by James Sheppard.
17:16 of 1st period - Snap shot by Nino Niederreiter.
17:16 of 1st period - Stopped by Joni Ortio with a rebound.
17:22 of 1st period - Wrist shot by James Sheppard.
17:22 of 1st period - Shot Misses the Net.
17:24 of 1st period - Slapshot by James Sheppard.
17:24 of 1st period - Shot Misses the Net.
17:26 of 1st period - Wrist shot by James Sheppard.
17:26 of 1st period - Shot Misses the Net.
17:28 of 1st period - Slapshot by Mark Mitera.
17:28 of 1st period - Stopped by Thomas Greiss without a rebound.
17:29 of 1st period - Greg Mauldin wins face-off versus Steven Goertzen in Tamiflu zone.
17:29 of 1st period - Greg Mauldin is hit by Matt Pettinger.
17:32 of 1st period - Minor Penalty to Stefan Elliott for Hooking.
17:33 of 1st period - David Desharnais wins face-off versus Robert Dome in Tamiflu zone.
17:36 of 1st period - Minor Penalty to Matt Pettinger for Interference.
17:37 of 1st period - Robert Dome wins face-off versus Jiri Sekac in Staline zone.
18:50 of 1st period - Nathan Oystrick is hit by Steven Goertzen and loses puck.
19:27 of 1st period - Icing by Garrett Wilson.
19:28 of 1st period - Garrett Wilson wins face-off versus Cody Eakin in Tamiflu zone.
19:32 of 1st period - Penalty to Stefan Elliott is over, Stefan Elliott is back on ice.
19:36 of 1st period - Penalty to Matt Pettinger is over, Matt Pettinger is back on ice.
Goals for this period are 2 for Tamiflu vs 0 for Staline.
Shots for this period are 21 for Tamiflu vs 9 for Staline.

2nd period


0:01 of 2nd period - Greg Mauldin wins face-off versus Matt Pettinger in neutral zone.
0:50 of 2nd period - Minor Penalty to Cody Eakin for Tripping.
0:51 of 2nd period - Robert Dome wins face-off versus Matt Pettinger in Staline zone.
0:58 of 2nd period - Wrist shot by Robert Dome.
0:58 of 2nd period - Shot Misses the Net.
1:24 of 2nd period - Matt Pettinger is hit by Tye McGinn and loses puck.
1:41 of 2nd period - Stu Bickel is hit by Greg Mauldin and loses puck.
2:50 of 2nd period - Penalty to Cody Eakin is over, Cody Eakin is back on ice.
3:24 of 2nd period - Nino Niederreiter is hit by Bryan Bickell and loses puck.
3:51 of 2nd period - Snap shot by Cody Eakin.
3:51 of 2nd period - Stopped by Thomas Greiss with a rebound.
4:01 of 2nd period - Snap shot by Bryan Bickell.
4:01 of 2nd period - Deflect By Adam Larsson.
4:01 of 2nd period - Shot Misses the Net.
4:01 of 2nd period - Puck is out of play.
4:02 of 2nd period - Corey Trivino wins face-off versus Jamie Arniel in Tamiflu zone.
4:09 of 2nd period - Snap shot by Tye McGinn.
4:09 of 2nd period - Deflect By Mike Duco.
4:09 of 2nd period - Shot Blocked by Brandon Burlon.
4:09 of 2nd period - Puck is out of play.
4:10 of 2nd period - Corey Trivino wins face-off versus Jamie Arniel in Staline zone.
4:12 of 2nd period - Minor Penalty to Brandon Burlon for Holding.
4:13 of 2nd period - Greg Mauldin wins face-off versus Corey Trivino in Staline zone.
4:29 of 2nd period - Slapshot by Petr Pohl.
4:29 of 2nd period - Stopped by Joni Ortio with a rebound.
4:47 of 2nd period - Snap shot by Jamie Arniel.
4:47 of 2nd period - Stopped by Joni Ortio with a rebound.
4:49 of 2nd period - Wrist shot by Tye McGinn.
4:49 of 2nd period - Goal by Tye McGinn - Tamiflu : 3 - Staline : 0.
4:50 of 2nd period - Jamie Arniel wins face-off versus Cody Eakin in neutral zone.
5:20 of 2nd period - Petr Pohl is hit by Matt Pettinger and loses puck.
5:58 of 2nd period - Jordan Hendry is hit by Peter Holland and loses puck.
6:05 of 2nd period - Snap shot by Matt Pettinger.
6:05 of 2nd period - Stopped by Thomas Greiss without a rebound.
6:06 of 2nd period - Jamie Arniel wins face-off versus Cody Eakin in Tamiflu zone.
6:15 of 2nd period - Snap shot by Mike Duco.
6:15 of 2nd period - Shot Misses the Net.
6:17 of 2nd period - Slapshot by Tye McGinn.
6:17 of 2nd period - Stopped by Joni Ortio with a rebound.
6:19 of 2nd period - Slapshot by Kyle Lawson.
6:19 of 2nd period - Deflect By Cody Eakin.
6:19 of 2nd period - Stopped by Joni Ortio with a rebound.
6:21 of 2nd period - Slapshot by Mike Duco.
6:21 of 2nd period - Shot Misses the Net.
6:33 of 2nd period - Snap shot by Greg Mauldin.
6:33 of 2nd period - Shot Blocked by Philip Larsen.
7:16 of 2nd period - Slapshot by Dustin Kohn.
7:16 of 2nd period - Deflect By Bryan Bickell.
7:16 of 2nd period - Stopped by Thomas Greiss with a rebound.
7:18 of 2nd period - Wrist shot by Matt Pettinger.
7:18 of 2nd period - Stopped by Thomas Greiss with a rebound.
7:36 of 2nd period - Wrist shot by Jamie Arniel.
7:36 of 2nd period - Stopped by Joni Ortio with a rebound.
7:48 of 2nd period - Wrist shot by Corey Trivino.
7:48 of 2nd period - Shot Misses the Net.
9:13 of 2nd period - Wrist shot by David Desharnais.
9:13 of 2nd period - Goal by David Desharnais - Tamiflu : 3 - Staline : 1.
9:14 of 2nd period - Greg Mauldin wins face-off versus Cody Eakin in neutral zone.
9:19 of 2nd period - Snap shot by Petr Pohl.
9:19 of 2nd period - Shot Misses the Net.
9:24 of 2nd period - Stu Bickel is hit by Greg Mauldin.
9:26 of 2nd period - Slapshot by Nick Spaling.
9:26 of 2nd period - Goal by Nick Spaling - Tamiflu : 3 - Staline : 2.
9:27 of 2nd period - David Desharnais wins face-off versus Greg Mauldin in neutral zone.
9:30 of 2nd period - Snap shot by David Desharnais.
9:30 of 2nd period - Deflect By Steven Goertzen.
9:30 of 2nd period - Shot Misses the Net.
9:30 of 2nd period - Puck is out of play.
9:31 of 2nd period - Petr Pohl wins face-off versus David Desharnais in Tamiflu zone.
9:43 of 2nd period - Stu Bickel and Jordan Hendry fight to a draw.
9:43 of 2nd period - Penalty to Stu Bickel for Fighting.
9:43 of 2nd period - Penalty to Jordan Hendry for Fighting.
9:43 of 2nd period - Penalty to Stu Bickel for instigated a fight.
9:43 of 2nd period - Penalty to Stu Bickel for instigated a fight.
9:44 of 2nd period - Greg Mauldin wins face-off versus Matt Pettinger in Staline zone.
9:45 of 2nd period - Snap shot by Petr Pohl.
9:45 of 2nd period - Shot Blocked by Steven Goertzen.
9:47 of 2nd period - Snap shot by Robert Dome.
9:47 of 2nd period - Shot Blocked by Steven Goertzen.
10:00 of 2nd period - Icing by Petr Pohl.
10:01 of 2nd period - Greg Mauldin wins face-off versus Matt Pettinger in Tamiflu zone.
10:45 of 2nd period - Snap shot by Petr Pohl.
10:45 of 2nd period - Goal by Petr Pohl - Tamiflu : 4 - Staline : 2.
10:46 of 2nd period - Cody Eakin wins face-off versus Jamie Arniel in neutral zone.
10:52 of 2nd period - Wrist shot by Nick Spaling.
10:52 of 2nd period - Shot Misses the Net.
10:54 of 2nd period - Snap shot by Dustin Kohn.
10:54 of 2nd period - Deflect By Tye McGinn.
10:54 of 2nd period - Stopped by Thomas Greiss with a rebound.
10:56 of 2nd period - Wrist shot by Dustin Kohn.
10:56 of 2nd period - Deflect By Jordan Caron.
10:56 of 2nd period - Shot Misses the Net.
10:56 of 2nd period - Puck is out of play.
10:57 of 2nd period - David Desharnais wins face-off versus Greg Mauldin in Tamiflu zone.
11:00 of 2nd period - Snap shot by Matt Pettinger.
11:00 of 2nd period - Stopped by Thomas Greiss without a rebound.
11:01 of 2nd period - David Desharnais wins face-off versus Greg Mauldin in Tamiflu zone.
11:05 of 2nd period - Minor Penalty to Petr Pohl for Hooking.
11:06 of 2nd period - Robert Dome wins face-off versus David Desharnais in Tamiflu zone.
11:22 of 2nd period - Wrist shot by David Desharnais.
11:22 of 2nd period - Shot Misses the Net.
11:52 of 2nd period - Snap shot by Jordan Caron.
11:52 of 2nd period - Shot Blocked by Philip Samuelsson.
11:54 of 2nd period - Wrist shot by Keith Yandle.
11:54 of 2nd period - Shot Hit the Post.
12:21 of 2nd period - Icing by Dustin Kohn.
12:22 of 2nd period - Colin Greening wins face-off versus David Desharnais in Staline zone.
13:05 of 2nd period - Penalty to Petr Pohl is over, Petr Pohl is back on ice.
13:19 of 2nd period - Off-side.
13:20 of 2nd period - Corey Trivino wins face-off versus Colin Greening in neutral zone.
13:23 of 2nd period - Slapshot by Dustin Kohn.
13:23 of 2nd period - Shot Misses the Net.
13:47 of 2nd period - Mike Duco is hit by Matt Pettinger and loses puck.
13:54 of 2nd period - Wrist shot by Matt Pettinger.
13:54 of 2nd period - Stopped by Thomas Greiss without a rebound.
13:55 of 2nd period - Greg Mauldin wins face-off versus David Desharnais in Tamiflu zone.
13:55 of 2nd period - Greg Mauldin is hit by Matt Pettinger.
14:33 of 2nd period - Tye McGinn is hit by Nick Spaling and loses puck.
15:35 of 2nd period - Icing by Robert Dome.
15:36 of 2nd period - Greg Mauldin wins face-off versus Corey Trivino in Tamiflu zone.
15:41 of 2nd period - Backhand shot by James Sheppard.
15:41 of 2nd period - Stopped by Thomas Greiss with a rebound.
15:43 of 2nd period - Slapshot by Keith Yandle.
15:43 of 2nd period - Shot Misses the Net.
15:45 of 2nd period - Slapshot by Keith Yandle.
15:45 of 2nd period - Stopped by Thomas Greiss with a rebound.
15:47 of 2nd period - Snap shot by Corey Trivino.
15:47 of 2nd period - Stopped by Thomas Greiss without a rebound.
15:48 of 2nd period - David Desharnais wins face-off versus Greg Mauldin in Tamiflu zone.
15:49 of 2nd period - Wrist shot by Matt Pettinger.
15:49 of 2nd period - Stopped by Thomas Greiss with a rebound.
16:13 of 2nd period - Mike Duco is hit by Cody Eakin and loses puck.
16:20 of 2nd period - Snap shot by Nick Spaling.
16:20 of 2nd period - Goal by Nick Spaling - Tamiflu : 4 - Staline : 3.
16:21 of 2nd period - David Desharnais wins face-off versus Greg Mauldin in neutral zone.
16:42 of 2nd period - Minor Penalty to Andrey Pedan for Roughing.
16:43 of 2nd period - Steven Goertzen wins face-off versus Greg Mauldin in Staline zone.
16:48 of 2nd period - Slapshot by Greg Mauldin.
16:48 of 2nd period - Goal by Greg Mauldin - Tamiflu : 5 - Staline : 3.
16:49 of 2nd period - Matt Pettinger wins face-off versus Greg Mauldin in neutral zone.
17:11 of 2nd period - Icing by Keith Yandle.
17:12 of 2nd period - Cody Eakin wins face-off versus Jamie Arniel in Staline zone.
17:21 of 2nd period - Wrist shot by Mike Duco.
17:21 of 2nd period - Goal by Mike Duco - Tamiflu : 6 - Staline : 3.
17:22 of 2nd period - David Desharnais wins face-off versus Greg Mauldin in neutral zone.
18:10 of 2nd period - Snap shot by Nino Niederreiter.
18:10 of 2nd period - Shot Misses the Net.
18:12 of 2nd period - Snap shot by Philip Samuelsson.
18:12 of 2nd period - Shot Misses the Net.
18:14 of 2nd period - Slapshot by Nino Niederreiter.
18:14 of 2nd period - Stopped by Joni Ortio without a rebound.
18:15 of 2nd period - Cody Eakin wins face-off versus Greg Mauldin in Staline zone.
18:40 of 2nd period - Jamie Arniel is hit by Steven Goertzen and loses puck.
19:11 of 2nd period - Off-side.
19:12 of 2nd period - Greg Mauldin wins face-off versus Cody Eakin in neutral zone.
19:14 of 2nd period - Minor Penalty to Jordan Hendry for Hooking.
19:15 of 2nd period - David Desharnais wins face-off versus Robert Dome in Tamiflu zone.
19:25 of 2nd period - Snap shot by Matt Pettinger.
19:25 of 2nd period - Stopped by Thomas Greiss without a rebound.
19:26 of 2nd period - Robert Dome wins face-off versus David Desharnais in Tamiflu zone.
19:26 of 2nd period - Robert Dome is hit by David Desharnais.
19:42 of 2nd period - Wrist shot by Steven Goertzen.
19:42 of 2nd period - Goal by Steven Goertzen - Tamiflu : 6 - Staline : 4.
19:43 of 2nd period - Robert Dome wins face-off versus David Desharnais in neutral zone.
Goals for this period are 4 for Tamiflu vs 4 for Staline.
Shots for this period are 10 for Tamiflu vs 16 for Staline.

3rd period


0:01 of 3rd period - David Desharnais wins face-off versus Greg Mauldin in neutral zone.
0:04 of 3rd period - Petr Pohl is hit by Matt Pettinger and loses puck.
0:13 of 3rd period - Wrist shot by Petr Pohl.
0:13 of 3rd period - Stopped by Joni Ortio with a rebound.
0:45 of 3rd period - Minor Penalty to Jan Mursak for Tripping.
0:46 of 3rd period - Robert Dome wins face-off versus David Desharnais in Tamiflu zone.
0:55 of 3rd period - Nathan Oystrick is hit by Andrey Pedan and loses puck.
1:08 of 3rd period - Minor Penalty to Robert Dome for Interference.
1:09 of 3rd period - Tanner Kero wins face-off versus David Desharnais in Tamiflu zone.
1:09 of 3rd period - Tanner Kero is hit by Matt Pettinger.
2:45 of 3rd period - Penalty to Jan Mursak is over, Jan Mursak is back on ice.
3:08 of 3rd period - Penalty to Robert Dome is over, Robert Dome is back on ice.
3:08 of 3rd period - Greg Mauldin is hit by Jiri Sekac and loses puck.
3:21 of 3rd period - Snap shot by Greg Mauldin.
3:21 of 3rd period - Shot Misses the Net.
3:33 of 3rd period - Philip Samuelsson is hit by Peter Holland and loses puck.
4:43 of 3rd period - 10 Minutes Misconduct Penalty to Stu Bickel is over.
5:41 of 3rd period - Bryan Bickell is hit by Casey Wellman and loses puck.
5:59 of 3rd period - Off-side.
6:00 of 3rd period - David Desharnais wins face-off versus Colin Greening in neutral zone.
6:02 of 3rd period - Off-side.
6:03 of 3rd period - David Desharnais wins face-off versus Colin Greening in neutral zone.
6:08 of 3rd period - Slapshot by Matt Pettinger.
6:08 of 3rd period - Deflect By David Desharnais.
6:08 of 3rd period - Shot Misses the Net.
6:08 of 3rd period - Puck is out of play.
6:09 of 3rd period - Greg Mauldin wins face-off versus David Desharnais in Tamiflu zone.
6:11 of 3rd period - Minor Penalty to Robert Dome for Holding Stick.
6:12 of 3rd period - Tanner Kero wins face-off versus David Desharnais in Tamiflu zone.
6:17 of 3rd period - Icing by David Desharnais.
6:18 of 3rd period - David Desharnais wins face-off versus Tanner Kero in Staline zone.
6:23 of 3rd period - Snap shot by Keith Yandle.
6:23 of 3rd period - Stopped by Thomas Greiss without a rebound.
6:24 of 3rd period - David Desharnais wins face-off versus Tanner Kero in Tamiflu zone.
6:35 of 3rd period - Wrist shot by Matt Pettinger.
6:35 of 3rd period - Shot Misses the Net.
6:37 of 3rd period - Slapshot by Stu Bickel.
6:37 of 3rd period - Stopped by Thomas Greiss without a rebound.
6:38 of 3rd period - Matt Pettinger wins face-off versus Tanner Kero in Tamiflu zone.
6:45 of 3rd period - Snap shot by Keith Yandle.
6:45 of 3rd period - Deflect By Nathan Oystrick.
6:45 of 3rd period - Goal by Keith Yandle - Tamiflu : 6 - Staline : 5.
6:46 of 3rd period - David Desharnais wins face-off versus Greg Mauldin in neutral zone.
7:37 of 3rd period - Off-side.
7:38 of 3rd period - Peter Holland wins face-off versus Colin Greening in neutral zone.
8:21 of 3rd period - Wrist shot by Tye McGinn.
8:21 of 3rd period - Goal by Tye McGinn - Tamiflu : 7 - Staline : 5.
8:21 of 3rd period - Allen York enters game.
8:22 of 3rd period - Greg Mauldin wins face-off versus David Desharnais in neutral zone.
8:32 of 3rd period - Minor Penalty to Petr Pohl for Hooking.
8:33 of 3rd period - David Desharnais wins face-off versus Robert Dome in Tamiflu zone.
8:37 of 3rd period - Snap shot by Matt Pettinger.
8:37 of 3rd period - Shot Blocked by Jordan Hendry.
8:39 of 3rd period - Slapshot by Stu Bickel.
8:39 of 3rd period - Goal by Stu Bickel - Tamiflu : 7 - Staline : 6.
8:40 of 3rd period - David Desharnais wins face-off versus Greg Mauldin in neutral zone.
8:48 of 3rd period - Icing by Petr Pohl.
8:49 of 3rd period - Greg Mauldin wins face-off versus David Desharnais in Tamiflu zone.
9:47 of 3rd period - Robert Dome is hit by Keith Yandle and loses puck.
11:23 of 3rd period - Slapshot by Steven Goertzen.
11:23 of 3rd period - Shot Blocked by Jordan Hendry.
11:40 of 3rd period - Icing by Keith Yandle.
11:41 of 3rd period - Mike Duco wins face-off versus David Desharnais in Staline zone.
11:48 of 3rd period - Slapshot by Stu Bickel.
11:48 of 3rd period - Deflect By Matt Pettinger.
11:48 of 3rd period - Shot Blocked by Jamie Arniel.
11:48 of 3rd period - Puck is out of play.
11:49 of 3rd period - Jamie Arniel wins face-off versus Cody Eakin in Tamiflu zone.
12:04 of 3rd period - Wrist shot by Nick Spaling.
12:04 of 3rd period - Shot Blocked by Mike Duco.
13:49 of 3rd period - Minor Penalty to Jiri Sekac for High sticking.
13:50 of 3rd period - Jamie Arniel wins face-off versus Nick Spaling in Staline zone.
15:08 of 3rd period - Icing by Colin Greening.
15:09 of 3rd period - Colin Greening wins face-off versus Cody Eakin in Tamiflu zone.
15:14 of 3rd period - Colin Greening is hit by James Sheppard and loses puck.
15:49 of 3rd period - Penalty to Jiri Sekac is over, Jiri Sekac is back on ice.
16:02 of 3rd period - Off-side.
16:03 of 3rd period - Colin Greening wins face-off versus Corey Trivino in neutral zone.
16:05 of 3rd period - Jordan Hendry is hit by Mark Mitera and loses puck.
16:26 of 3rd period - Icing by Nathan Oystrick.
16:27 of 3rd period - Colin Greening wins face-off versus David Desharnais in Tamiflu zone.
16:54 of 3rd period - Wrist shot by Nino Niederreiter.
16:54 of 3rd period - Shot Misses the Net.
17:06 of 3rd period - Wrist shot by Nick Spaling.
17:06 of 3rd period - Stopped by Thomas Greiss with a rebound.
17:09 of 3rd period - Minor Penalty to Brandon Burlon for Holding.
17:10 of 3rd period - Greg Mauldin wins face-off versus Matt Pettinger in Staline zone.
19:06 of 3rd period - Icing by Nino Niederreiter.
19:07 of 3rd period - Matt Pettinger wins face-off versus Garrett Wilson in Tamiflu zone.
19:08 of 3rd period - Slapshot by Keith Yandle.
19:08 of 3rd period - Stopped by Thomas Greiss without a rebound.
19:09 of 3rd period - Penalty to Brandon Burlon is over, Brandon Burlon is back on ice.
19:09 of 3rd period - Guy Carbonneau call a timeout for Staline.
19:09 of 3rd period - David Desharnais wins face-off versus Greg McKegg in Tamiflu zone.
19:10 of 3rd period - Staline, Allen York is pulled from the net.
19:13 of 3rd period - Garrett Wilson beats up Stu Bickel.
19:13 of 3rd period - Penalty to Stu Bickel for Fighting.
19:13 of 3rd period - Penalty to Garrett Wilson for Fighting.
19:14 of 3rd period - David Desharnais wins face-off versus Robert Dome in Tamiflu zone.
19:17 of 3rd period - Wrist shot by Matt Pettinger.
19:17 of 3rd period - Shot Misses the Net.
19:19 of 3rd period - Wrist shot by David Desharnais.
19:19 of 3rd period - Shot Misses the Net.
19:21 of 3rd period - Snap shot by Steven Goertzen.
19:21 of 3rd period - Stopped by Thomas Greiss without a rebound.
19:22 of 3rd period - David Desharnais wins face-off versus Greg Mauldin in Tamiflu zone.
19:25 of 3rd period - Slapshot by Matt Pettinger.
19:25 of 3rd period - Stopped by Thomas Greiss with a rebound.
19:33 of 3rd period - Snap shot by Matt Pettinger.
19:33 of 3rd period - Stopped by Thomas Greiss with a rebound.
19:39 of 3rd period - Snap shot by David Desharnais.
19:39 of 3rd period - Stopped by Thomas Greiss with a rebound.
19:41 of 3rd period - Slapshot by Steven Goertzen.
19:41 of 3rd period - Shot Blocked by Petr Pohl.
19:43 of 3rd period - Snap shot by David Desharnais.
19:43 of 3rd period - Stopped by Thomas Greiss with a rebound.
19:45 of 3rd period - Wrist shot by David Desharnais.
19:45 of 3rd period - Shot Blocked by Jordan Hendry.
19:49 of 3rd period - Snap shot by Steven Goertzen.
19:49 of 3rd period - Shot Misses the Net.
19:51 of 3rd period - Wrist shot by Steven Goertzen.
19:51 of 3rd period - Goal by Steven Goertzen - Tamiflu : 7 - Staline : 7.
19:51 of 3rd period - Allen York from Staline was sent back in the game.
19:52 of 3rd period - Colin Greening wins face-off versus Corey Trivino in neutral zone.
Goals for this period are 1 for Tamiflu vs 3 for Staline.
Shots for this period are 2 for Tamiflu vs 12 for Staline.

Overtime #1


0:01 of 1st overtime period - Matt Pettinger wins face-off versus Greg Mauldin in neutral zone.
0:08 of 1st overtime period - Wrist shot by Steven Goertzen.
0:08 of 1st overtime period - Stopped by Thomas Greiss with a rebound.
0:50 of 1st overtime period - Petr Pohl is hit by Brandon Burlon and loses puck.
2:11 of 1st overtime period - Nathan Oystrick is hit by David Desharnais and loses puck.
2:24 of 1st overtime period - Slapshot by Jordan Hendry.
2:24 of 1st overtime period - Shot Blocked by Matt Pettinger.
3:12 of 1st overtime period - Off-side.
3:13 of 1st overtime period - Petr Pohl wins face-off versus Nick Spaling in neutral zone.
3:16 of 1st overtime period - David Desharnais is hit by Petr Pohl and loses puck.
3:35 of 1st overtime period - Jerome Gauthier-Leduc is hit by David Desharnais and loses puck.
3:50 of 1st overtime period - Snap shot by David Desharnais.
3:50 of 1st overtime period - Goal by David Desharnais - Tamiflu : 7 - Staline : 8.
Goals for this period are 0 for Tamiflu vs 1 for Staline.
Shots for this period are 0 for Tamiflu vs 2 for Staline.